 Dungeon Crawl Stone Soup version 0.32-a0-656-g3542139ebd (webtiles) character file.

Game seed: 15233732470562103008

73 Dittersdorf the Shield-Bearer (level 4, -16/29 HPs)
             Began as a Gargoyle Fighter on Mar 8, 2024.
             Killed from afar by Ijyb (17 damage)
             ... with a bolt of light
             ... on level 2 of the Dungeon.
             The game lasted 00:02:03 (2150 turns).

Dittersdorf the Shield-Bearer (Gargoyle Fighter)    Turns: 2150, Time: 00:02:03

Health: -16/29     AC: 14    Str: 27    XL:     4   Next: 27%
Magic:  4/4        EV:  8    Int:  9    God:
Gold:   124        SH:  4    Dex:  9    Spells: 3/3 levels left

rFire   . . .        a - +0 flail
rCold   . . .        c - +0 buckler
rNeg    + . .        i - +0 chain mail
rPois   ∞            n - +0 helmet
rElec   +            (no cloak)
rCorr   .            (no gloves)
SInv    .            (no boots)
Will    +....        (no amulet) Stlth
                     g - ring of willpower
HPRegen 0.24/turn    h - +6 ring of strength
MPRegen 0.09/turn

%: no passive effects
@: no status effects
A: sickness immunity, AC +3, negative energy resistance 1, electricity
resistance, torment resistance 1, petrification resistance
a: no special abilities


You were on level 2 of the Dungeon.
You visited 1 branch of the dungeon, and saw 3 of its levels.

You collected 124 gold pieces.

Inventory:

Hand Weapons
 a - a +0 flail (weapon)
Armour
 c - a +0 buckler (worn)
 i - a +0 chain mail (worn)
 n - a +0 helmet (worn)
Jewellery
 g - a ring of willpower (left hand)
 h - a +6 ring of strength (right hand)
 s - a ring of willpower
Scrolls
 b - a scroll of brand weapon {unknown}
 f - 2 scrolls of identify {unknown}
 j - a scroll of vulnerability {unknown}
 k - 2 scrolls of amnesia {unknown}
 m - a scroll of butterflies {unknown}
 p - a scroll of poison {unknown}
 q - a scroll of immolation {unknown}
Potions
 d - a potion of might
 e - a potion of heal wounds {unknown}
 l - 3 potions of curing {unknown}
 o - a potion of brilliance {unknown}
 r - a potion of attraction {unknown}


   Skills:
 + Level 3.9 Fighting
 + Level 2.7 Maces & Flails
 + Level 3.9 Armour
 + Level 3.9 Shields


You had 3 spell levels left.
You didn't know any spells.
Your spell library was empty.

Dungeon Overview and Level Annotations

Branches:
Dungeon (3/15)

Altars:

Shops:
D:1 (

Annotations:
D:2 Ijyb


Innate Abilities, Weirdness & Mutations

You are immune to sickness and miasma.
Your stone body is resilient. (AC +3)
You are immune to poison.
You resist negative energy. (rN+)
You are resistant to electric shocks. (rElec)
You are resistant to unholy torment.
You are immune to petrification.


Message History

You are too injured to fight recklessly!
You are too injured to fight recklessly!
You are too injured to fight recklessly!
You are too injured to fight recklessly!
You are too injured to fight recklessly!
You are too injured to fight recklessly!
You are too injured to fight recklessly!
You are too injured to fight recklessly!
You are too injured to fight recklessly!
You are too injured to fight recklessly!
You are too injured to fight recklessly!
You hit Ijyb.
Ijyb is severely wounded.
Ijyb hits you but does no damage. x2
You hit Ijyb.
Ijyb is almost dead.
Ijyb barely misses you.
You barely miss Ijyb.
Ijyb is almost dead.
Ijyb hits you but does no damage.
You closely miss Ijyb.
Ijyb is almost dead.
Ijyb zaps a wand.
The bolt of light hits you!
* * * LOW HITPOINT WARNING * * *
You hit Ijyb but do no damage.
Ijyb is almost dead.
Ijyb barely misses you. Ijyb hits you but does no damage.
You closely miss Ijyb.
Ijyb is severely wounded.
Ijyb hits you with a +0 dagger.
* * * LOW HITPOINT WARNING * * *
You hit Ijyb.
Ijyb is almost dead.
Ijyb hits you but does no damage.
You closely miss Ijyb.
Ijyb is almost dead.
Ijyb zaps a wand.
The bolt of light hits you!
Ouch! That really hurt!
You die...
Ijyb moans, "Good help so hard to find!"

#.#######.# #.# #.#
#####.# #.# #.....#
#.#
##.###########.######
.........(...#.#....#
###.#........#.#.##.#
....#.#####..#.g.##.#
.............)..@...#
.#..#.#####..###.####
....#.#####..# #.#
##...........# #.#
......######.# #.#
############.###.#
...#..........##.#
##.'..........##.#
####..........##.#


You could see Ijyb.

Vanquished Creatures
  A dart slug (D:3)
  4 bats
  4 endoplasms
  4 giant cockroaches
  9 goblins
  2 hobgoblins
  3 jackals (D:1)
  9 kobolds
  6 quokkas
  8 ball pythons
  12 frilled lizards
  4 rats
66 creatures vanquished.

Notes
Turn   | Place    | Note
-------+----------+-------------------------------------------
     0 | D:1      | Dittersdorf the Gargoyle Fighter began the quest for the
                  | Orb.
     0 | D:1      | Reached XP level 1. HP: 14/14 MP: 1/1
    95 | D:1      | Reached XP level 2. HP: 19/19 MP: 2/2
   366 | D:1      | Reached XP level 3. HP: 18/23 MP: 3/3
   580 | D:1      | Found a faded altar of an unknown god.
   835 | D:1      | Found Hoathrus's Weapon Shop.
  1886 | D:3      | Reached XP level 4. HP: 29/29 MP: 4/4
  2133 | D:3      | Noticed Ijyb
  2148 | D:2      | HP: 1/29 [Ijyb/+0 dagger (4)]
  2150 | D:2      | Killed from afar by Ijyb

Illustrated notes

Levels and vault maps discovered:
D:1:      amcnicky_arrival_wind_blow, layout_basic, serial_shops,
          nicolae_shop_stone, basic_ecumenical_altar, corexii_corridor_pit,
          minmay_lizard_king
D:2:      layout_basic
D:3:      kennysheep_the_goblin_king, layout_loops_ring, grunt_decor_resistance,
          kennysheep_path_1, kennysheep_nondescript, hex_tiny, uniq_ijyb,
          uniq_robin

Action                     |  1- 3 |  4- 6 || total
---------------------------+-------+-------++-------
  Melee: Flail             |   168 |    47 ||   215
 Armour: Scale mail        |    91 |       ||    91
         Chain mail        |    55 |    34 ||    89
  Dodge: Dodged            |    88 |    15 ||   103
  Block: Buckler           |    38 |     7 ||    45

Table legend: (Time is in decaauts)
 A = Elapsed time spent in this place.
 B = Non-inter-level travel time spent in this place.
 C = Inter-level travel time spent in this place.
 D = Time resting spent in this place.
 E = Time spent auto-exploring this place.
 F = Levels seen in this place.
 G = Mean time per level.
                   A        B        C        D        E       F      G
               +--------+--------+--------+--------+--------+-----+--------+
         Total |   2213 |   2088 |    125 |      9 |   1568 |   3 |  737.7 |
       Dungeon |   2213 |   2088 |    125 |      9 |   1568 |   3 |  737.7 |
               +--------+--------+--------+--------+--------+-----+--------+

Top non-repeatable levels by time:
     D:1: 1271 daAuts
     D:2: 676 daAuts
     D:3: 265 daAuts
